AoeStats
← 魏武之风

MegaRandom

506065468Analyzed
2v2 RM · 21d ago on Sep 12, 2026· 38m 8s· 4 players
Game mode
Random Map
Map size
Medium (4 player)
Population
200
Speed
Normal
Resources
Standard
Victory
Conquest
Starting age
Dark Age
Ending age
Imperial Age
RankedLock teamsTeams togetherTeam positionsShared explorationLock speedFull tech treeHidden civsTurbo modeCheats
Victory
Defeat
🇨🇳 Japanese · China
949
+14
🇨🇳 Wei · China
944
+15
🇷🇺 Magyars · Russia
944
-15
🇪🇸 Franks · Spain
889
-34
Abuelolocooo!!!!
10:09 Feudal Age
11:10 Man-at-Arms
12:26 Double-Bit Axe
13:28 Scale Mail Armor
14:45 Arson
15:25 Gold Mining
18:08 Castle Age
23:32 Wheelbarrow
23:57 Stone Mining
25:30 Gold Shaft Mining
26:20 Bow Saw
27:28 Hand Cart
33:51 Imperial Age
35:33 Heavy Cavalry Archer
유독한 사람
6:15 Loom
9:22 Feudal Age
10:25 Double-Bit Axe
10:30 Horse Collar
13:02 Castle Age
11:46 Scale Barding Armor
13:18 Bloodlines
14:42 Chain Barding Armor
16:08 Husbandry
35:27 Corvinian Army
怪味胡豆妹儿
0:42 Loom
6:50 Feudal Age
7:52 Double-Bit Axe
8:42 Horse Collar
12:41 Castle Age
11:11 Fletching
11:23 Padded Archer Armor
15:12 Bodkin Arrow
16:15 Leather Archer Armor
16:08 Scale Barding Armor
17:57 Town Watch
18:16 Heavy Plow
18:55 Chain Barding Armor
19:09 Murder Holes
19:45 Ballistics
23:24 Pikeman
24:05 Squires
24:37 Scale Mail Armor
27:08 Bloodlines
26:59 Husbandry
28:24 Wheelbarrow
30:50 Husbandry
37:34 Forging
魏武之风
0:29 Loom
7:06 Feudal Age
7:45 Double-Bit Axe
7:42 Horse Collar
13:00 Castle Age
11:34 Gold Mining
12:00 Stone Mining
13:32 Scale Barding Armor
13:38 Forging
14:04 Husbandry
14:15 Bloodlines
14:42 Bow Saw
15:19 Heavy Plow
16:25 Light Cavalry
19:50 Squires
19:49 Pikeman
34:26 Arson
34:53 Scale Mail Armor
35:29 Iron Casting
35:16 Chain Barding Armor
35:46 Tuntian
36:28 Wheelbarrow
38:22 Chain Mail Armor
38:51 Hand Cart
38:25 Town Watch
Connection lost

Rejoining the realm…

Still unreachable

The connection could not be restored.

Session expired

The server has moved on; the page needs a fresh start.